Match 47211802
Unlisted

Match 47211802
End
Panzergrenadier Squad
Kradschützen Motorcycle Team
250 Light Carrier
Panzergrenadier Squad
Construct Light Support Kompanie
Combat Half-tracks
Panzergrenadier Squad
Fire Support Elements
Panzerjäger Mechanized Group
Pak 38 Anti-tank Gun Team
Vehicle Survival Package
MG34 Team
Flakvierling Half-track
Veteran Squad Leaders
Yee2K
~TAB~ THUND3RCHUNKY
FooKilla
Zapata
0
0

Comments sign in to comment!

No comments posted yet!